 Dungeon Crawl Stone Soup version 0.29.1-15-g9cfb28693d (webtiles) character file.

Game seed: 7728833453694347380

62 protoss039 the Digger (level 3, 0/27 HPs)
             Began as a Demonspawn Earth Elementalist on Mar 9, 2023.
             Slain by Sigmund
             ... wielding a +4 scythe of protection
              (14 damage)
             ... on level 2 of the Dungeon.
             The game lasted 00:01:48 (1124 turns).

protoss039 the Digger (DsEE)                        Turns: 1124, Time: 00:01:49

Health: 0/27       AC:  4    Str:  8    XL:     3   Next: 85%
Magic:  0/7        EV: 12    Int: 18    God:
Gold:   32         SH:  0    Dex: 13    Spells: 1/7 levels left

rFire   + . .      SeeInvis .   f - +0 short sword
rCold   . . .      Faith    .   (no shield)
rNeg    . . .      Spirit   .   a - +0 robe
rPois   .          Reflect  .   c - +2 hat
rElec   .          Harm     .   (no cloak)
rCorr   .          Rampage  .   (no gloves)
Will    .....                   (no boots)
Stlth   ++........              (no amulet)
HPRegen 0.09/turn               i - ring of protection from fire
MPRegen 0.10/turn               (no ring)

@: very slightly contaminated
A: demonic magic 1, demonic touch 1
a: no special abilities


You were on level 2 of the Dungeon.
You visited 1 branch of the dungeon, and saw 2 of its levels.

You collected 32 gold pieces.

Inventory:

Hand Weapons
 f - a +0 short sword (weapon)
Armour
 a - a +0 robe (worn)
 c - a +2 hat (worn)
Jewellery
 i - a ring of protection from fire (left hand)
Scrolls
 g - a scroll of magic mapping
 h - a scroll of identify
 k - a scroll of vulnerability {unknown}
Potions
 b - a potion of magic
 d - 2 potions of brilliance {unknown}
 e - a potion of ambrosia {unknown}
 j - a potion of haste {unknown}


   Skills:
 + Level 1.7 Fighting
 + Level 0.4 Armour
 - Level 1.7 Dodging
 - Level 1.7 Stealth
 + Level 2.6 Spellcasting
 + Level 0.5 Conjurations
 - Level 0.8 Transmutations
 + Level 3.3 Earth Magic


You had one spell level left.
You knew the following spells:

 Your Spells              Type           Power      Damage    Failure   Level
a - Sandblast             Erth           28%        2d8       4%          1
b - Passwall              Tmut/Erth      7%         N/A       11%         2
c - Stone Arrow           Conj/Erth      18%        3d8       24%         3

Your spell library contained the following spells:

 Spells                   Type           Power      Damage    Failure   Level
 Summon Small Mammal      Summ           8%         N/A       17%         1
 Call Canine Familiar     Summ           2%         N/A       45%         3
 Summon Guardian Golem    Hex/Summ       2%         N/A       45%         3
 Petrify                  Tmut/Erth      9%         N/A       58%         4


Dungeon Overview and Level Annotations

Branches:
Dungeon (2/15) Zot: 10848

Altars:

Annotations:
D:2 Sigmund


Innate Abilities, Weirdness & Mutations

Spells you cast may paralyse adjacent enemies.
Your touch may inflict minor irresistible damage on your foes.


Message History

Unknown command.
Casting: Sandblast (safe; 4% risk of failure)
Confirm with . or Enter, or press ? or * to list all spells.
Aiming: Sandblast (safe; 4% risk of failure)
Press: ? - help, Shift-Dir - straight line, f - Sigmund
Aim: Sigmund, wielding a +4 scythe of protection and wearing a +0 robe (80% to hit)
You miscast Sandblast.
You are very lightly contaminated with residual magic.
Nothing appears to happen.
Sigmund barely misses you.
Casting: Sandblast (safe; 4% risk of failure)
Confirm with . or Enter, or press ? or * to list all spells.
Aiming: Sandblast (safe; 4% risk of failure)
Press: ? - help, Shift-Dir - straight line, f/p - Sigmund
Aim: Sigmund, wielding a +4 scythe of protection and wearing a +0 robe (80% to hit)
The blast of sand hits Sigmund.
Sigmund is lightly wounded.
Malevolent energies surge around you. Sigmund barely misses you.
Casting: Sandblast (safe; 4% risk of failure)
Confirm with . or Enter, or press ? or * to list all spells.
Aiming: Sandblast (safe; 4% risk of failure)
Press: ? - help, Shift-Dir - straight line, f/p - Sigmund
Aim: Sigmund, wielding a +4 scythe of protection and wearing a +0 robe (lightly wounded, 80% to hit)
You miscast Sandblast.
Nothing appears to happen.
Unknown command.
Casting: Sandblast (safe; 4% risk of failure)
Confirm with . or Enter, or press ? or * to list all spells.
Aiming: Sandblast (safe; 4% risk of failure)
Press: ? - help, Shift-Dir - straight line, f/p - Sigmund
Aim: Sigmund, wielding a +4 scythe of protection and wearing a +0 robe (lightly wounded, 80% to hit)
The blast of sand hits Sigmund but does no damage.
Sigmund is lightly wounded.
Malevolent energies surge around you.
Sigmund hits you from afar with a +4 scythe of protection!
Unknown command.
As you read the scroll labelled BURONLOTTO, it crumbles to dust.
It is a scroll of identify.
g - a scroll of magic mapping Sigmund hits you from afar with a +4 scythe of protection!
Ouch! That really hurt!
You die...

### .$# #.# .#
#.# ###.#
#@######. ..#.#
#†)...... #.#.#
#@.# #.#.# #..#
#†#)####(.#
#.####.........#
#.....<........#
.#######........#
.......'........#
########........#
#........#


You could see Sigmund.

Vanquished Creatures
  Terence (D:2)
  A dart slug (D:1)
  An endoplasm (D:1)
  A giant cockroach (D:1)
  4 hobgoblins
  8 jackals (D:1)
  A quokka (D:1)
  A ball python (D:1)
  3 bats (D:1)
  5 frilled lizards
  4 goblins (D:1)
  A kobold (D:1)
  A rat (D:1)
  A spectral kobold (D:1)
33 creatures vanquished.

Notes
Turn   | Place    | Note
-------+----------+-------------------------------------------
     0 | D:1      | protoss039 the Demonspawn Earth Elementalist began the
                  | quest for the Orb.
     0 | D:1      | Reached XP level 1. HP: 13/13 MP: 3/3
   225 | D:1      | Gained mutation: Your touch may inflict minor irresistible
                  | damage on your foes. [demonic ancestry]
   225 | D:1      | Reached XP level 2. HP: 20/20 MP: 3/5
   394 | D:1      | Found a faded altar of an unknown god.
   453 | D:1      | Reached skill level 3 in Earth Magic
   454 | D:1      | Reached skill level 1 in Fighting
   774 | D:1      | Gained mutation: Spells you cast may paralyse adjacent
                  | enemies. [demonic ancestry]
   774 | D:1      | Reached XP level 3. HP: 26/26 MP: 4/6
  1084 | D:1      | Learned a level 2 spell: Passwall
  1090 | D:2      | Learned a level 3 spell: Stone Arrow
  1110 | D:2      | Noticed Terence
  1114 | D:2      | Noticed Sigmund
  1119 | D:2      | Killed Terence
  1124 | D:2      | Slain by Sigmund

Illustrated notes

Levels and vault maps discovered:
D:1:      amcnicky_arrival_abandoned_market, layout_basic,
          dreamdust_ecumenical_altar_drowned_temple
D:2:      minmay_evil_eye, layout_basic, uniq_terence, uniq_sigmund

Skill      XL: |  1  2 |
---------------+-------+-----
Earth Magic    | 3 |  3.3
Fighting       | 1 |  1.7
Armour         | |  0.4
Dodging        | |  1.7
Stealth        | |  1.7
Spellcasting   | |  2.6
Conjurations   | |  0.5
Transmutations | |  0.8

Action                   || total
-------------------------++-------
Melee: Short sword       ||    42
       Touch             ||     5
       Punch             ||     1
 Cast: Sandblast         ||    33
  Use: Scroll            ||     1
 Stab: Sleeping          ||     2
       Paralysed         ||     7
Armor: Robe              ||    16
Dodge: Dodged            ||    40
